 Dungeon Crawl Stone Soup version 0.20-a0-839-gdaf5c57 (webtiles) character file.

96 Dfrag the Firebug (level 4, 0/37 HPs)
             Began as a Naga Fire Elementalist on Mar 9, 2017.
             Slain by Natasha (7 damage)
             ... on level 2 of the Dungeon.
             The game lasted 00:04:35 (984 turns).

Dfrag the Firebug (Naga Fire Elementalist)           Turns: 984, Time: 00:04:36

Health: 0/37       AC:  2    Str: 11    XL:     4   Next: 67%
Magic:  4/8        EV: 10    Int: 16    God:
Gold:   37         SH:  0    Dex: 11    Spells: 7/8 levels left

rFire    . . .     SeeInvis +   (no weapon)
rCold    . . .     Gourm    .   a - +0 robe
rNeg     . . .     Faith    .   (no shield)
rPois    +         Spirit   .   (no helmet)
rElec    .         Reflect  .   (no cloak)
rCorr    .         Harm     .   (no gloves)
MR       .....                  (no barding)
Stlth    ++........             (no amulet)
Regen    0.2/turn               (no ring)
MPRegen  0.2/turn               (no ring)

@: very slightly contaminated, very slow
A: see invisible, deformed body, poison resistance, slowness 2, slow metabolism
1, spit poison 1, AC +1
a: Spit Poison


You were on level 2 of the Dungeon.
You were not hungry.

You visited 1 branch of the dungeon, and saw 2 of its levels.

You collected 37 gold pieces.

Inventory:

Armour
 a - a +0 robe (worn)
Scrolls
 g - a scroll of noise {unknown}
 i - a scroll of enchant armour {unknown}
 k - a scroll of amnesia {unknown}
 m - a scroll of remove curse {unknown}
 o - a scroll of identify {unknown}
Potions
 e - 3 potions of resistance {unknown}
 h - 2 potions of berserk rage {unknown}
 l - 2 potions of haste {unknown}
Books
 b - a book of Flames

   Spells                             Type                      Level
   a - Flame Tongue                   Conjuration/Fire             1
   b - Throw Flame                    Conjuration/Fire             2
   c - Conjure Flame                  Conjuration/Fire             3
   d - Inner Flame                    Hexes/Fire                   3
   e - Sticky Flame                   Conjuration/Fire             4
   f - Fireball                       Conjuration/Fire             5
Comestibles
 c - 2 bread rations
 d - 3 meat rations
 f - a fruit
 j - a royal jelly
 n - a chunk of flesh


   Skills:
 - Level 0.4 Fighting
 - Level 2.0 Dodging
 - Level 3.0 Stealth
 - Level 0.2 Unarmed Combat
 + Level 2.6 Spellcasting
 + Level 2.0 Conjurations
 + Level 4.0 Fire Magic


You had 7 spell levels left.
You knew the following spells:

 Your Spells              Type           Power        Failure   Level  Hunger
a - Flame Tongue          Conj/Fire      ##...        8%          1    #......


Dungeon Overview and Level Annotations

Branches:
Dungeon (2/15)

Altars:

Annotations:
D:2 Natasha


Innate Abilities, Weirdness & Mutations

You cannot wear boots.
Your serpentine skin is tough. (AC +1)
You have supernaturally acute eyesight. (SInv)
Armour fits poorly on your strangely shaped body.
Your system is resistant to poisons. (rPois)
You cover ground very slowly.
You have a slow metabolism.
You can spit poison.


Message History

* * * LOW HITPOINT WARNING * * *
Casting: Flame Tongue
Confirm with . or Enter, or press ? or * to list all spells.
Aiming: Flame Tongue
Press: ? - help, Shift-Dir - straight line, f/p - Natasha
Aim: Natasha (lightly wounded)
The flame tongue misses Natasha.
You have got your breath back.
Natasha howls an incantation.
Natasha's front paws start to glow.
Natasha closely misses you.
Casting: Flame Tongue
Confirm with . or Enter, or press ? or * to list all spells.
Aiming: Flame Tongue
Press: ? - help, Shift-Dir - straight line, f/p - Natasha
Aim: Natasha (lightly wounded)
You miscast Flame Tongue.
You are very lightly contaminated with residual magic.
Nothing appears to happen.
Natasha claws you!
You die...

# #.##.# .. ####<##.##
.# #........#
####.#.#.##.##..#
#....#.#.##.#...##
#........##......##
#.##...........#..#...
#.....h...#######..###
#@# #.## #.# #.# #.#
##'## ##.##### ##...##
#......# ##.....##
##....#.# #.......#
####.......###.........
.............+.........
##.#.......###.........


You could see Natasha.

Vanquished Creatures
  Jessica (D:2)
  Natasha (D:2)
  An adder (D:2)
  A worm (D:2)
  2 dart slugs (D:1)
  A leopard gecko (D:2)
  4 bats (D:1)
  A giant cockroach (D:1)
  4 goblins (D:1)
  3 hobgoblins
  6 kobolds (D:1)
  A frilled lizard (D:1)
  4 rats
30 creatures vanquished.

Notes
Turn   | Place    | Note
-------+----------+-------------------------------------------
     0 | D:1      | Dfrag the Naga Fire Elementalist began the quest for the Orb.
     0 | D:1      | Reached XP level 1. HP: 15/15 MP: 3/3
   170 | D:1      | Reached XP level 2. HP: 21/22 MP: 0/5
   432 | D:1      | Reached XP level 3. HP: 23/28 MP: 1/6
   894 | D:2      | Noticed Jessica
   898 | D:2      | Killed Jessica
   898 | D:2      | Reached XP level 4. HP: 11/37 MP: 5/7
   918 | D:2      | Noticed Natasha
   922 | D:2      | Killed Natasha
   922 | D:2      | Reached skill level 4 in Fire Magic
   979 | D:2      | Noticed Natasha
   984 | D:2      | Slain by Natasha

Vault maps used:
D:1:      evilmike_arrival_rings, st_stairs_14, minmay_small_reverse_x
D:2:      nemelex_xobeh_ov_fountains_minmay, bloody_trog,
          chequers_ecumenical_altar_simple, uniq_jessica, uniq_natasha

Skill      XL: |  1  2  3  4 |
---------------+-------------+-----
Dodging        | 2 |  2.0
Conjurations   | 2 |  2.0
Fire Magic     | 4 |  4.0
Fighting       | |  0.4
Stealth        | |  3.0
Unarmed Combat | |  0.2
Spellcasting   | |  2.6

Action                   |  1- 3 |  4- 6 || total
-------------------------+-------+-------++-------
Melee: Unarmed           |    20 |       ||    20
 Cast: Flame Tongue      |    49 |     9 ||    58
 Abil: Spit Poison       |       |     4 ||     4
  Eat: Chunk             |     1 |       ||     1
Armor: Robe              |    11 |       ||    11
Dodge: Dodged            |    39 |     1 ||    40
